 Dungeon Crawl Stone Soup version 0.30.0-16-gbe6223bb7e (webtiles) character file.

Game seed: 15409631871988812319

2853 GigaChad the Cleaver (level 9, -4/78 HPs)
             Began as a Minotaur Fighter on May 21, 2023.
             Was an Initiate of Gozag.
             Slain by a two-headed ogre
             ... wielding a +0 giant club
              (10 damage)
             ... on level 7 of the Dungeon.
             The game lasted 00:08:42 (6260 turns).

GigaChad the Cleaver (Minotaur Fighter)             Turns: 6260, Time: 00:08:43

Health: -4/78      AC: 15    Str: 31    XL:     9   Next: 46%
Magic:  8/8        EV: 14    Int:  5    God:    Gozag
Gold:   460        SH:  5    Dex: 10    Spells: 8/8 levels left

rFire   . . .        a - +0 war axe
rCold   . . .        c - +0 buckler
rNeg    . . .        k - +1 plate armour
rPois   .            (helmet restricted)
rElec   .            w - +0 cloak
rCorr   .            (no gloves)
SInv    .            (no boots)
Will    .....        l - amulet of the acrobat Stlth
                     C - +6 ring of strength
HPRegen 0.33/turn    s - +5 ring of evasion
MPRegen 0.11/turn

%: acrobat
@: no status effects
A: horns 2, retaliatory headbutt
a: Renounce Religion, Potion Petition, Call Merchant, Bribe Branch


You were on level 7 of the Dungeon.
You worshipped Gozag.
Gozag was aware of your devotion.
You visited 2 branches of the dungeon, and saw 8 of its levels.
You also visited: Sewer.

You collected 593 gold pieces.
You paid 133 gold pieces to Gozag.

Inventory:

Hand Weapons
 a - a +0 war axe (weapon)
 q - a +1 great sword of holy wrath
Missiles
 g - a throwing net (quivered)
Armour
 b - a +0 scale mail
 c - a +0 buckler (worn)
 k - a +1 plate armour (worn)
 w - a +0 cloak (worn)
Jewellery
 f - a ring of see invisible
 l - an amulet of the acrobat (around neck)
 s - a +5 ring of evasion (right hand)
 C - a +6 ring of strength (left hand)
Scrolls
 j - 5 scrolls of teleportation
 m - a scroll of vulnerability
 u - 2 scrolls of fear {unknown}
 x - a scroll of noise
 y - a scroll of silence
 A - a scroll of fog
 B - a scroll of identify
Potions
 d - a potion of might
 e - 3 potions of berserk rage
 h - 5 potions of degeneration
 i - 3 potions of lignification
 o - a potion of cancellation {unknown}
 p - a potion of flight {unknown}
 r - 3 potions of curing {unknown}
 t - 2 potions of attraction {unknown}
 v - a potion of mutation {unknown}
 z - 2 potions of magic {unknown}


   Skills:
 * Level 6.9 Fighting
 * Level 11.1 Axes
 * Level 7.2 Armour
 * Level 4.5 Dodging
 * Level 6.3 Shields


You had 8 spell levels left.
You didn't know any spells.
Your spell library contained the following spells:

 Spells                   Type           Power      Damage    Failure   Level
 Beastly Appendage        Tmut           0%         N/A       99%         1
 Blink                    Tloc           0%         N/A       100%        2
 Lesser Beckoning         Tloc           0%         N/A       100%        2
 Momentum Strike          Conj/Tloc      0%         3d8       100%        2
 Wereblood                Tmut           0%         N/A       100%        2
 Frozen Ramparts          Ice            0%         1d1       100%        3
 Spider Form              Tmut/Pois      0%         N/A       100%        3
 Ice Form                 Ice/Tmut       0%         N/A       100%        4
 Summon Ice Beast         Ice/Summ       0%         N/A       100%        4


Dungeon Overview and Level Annotations

Branches:
Dungeon (7/15)             Temple (1/1) D:6           Sewer (visited)

Altars:
Ashenzari
Cheibriados
Dithmenos
Elyvilon
Fedhas
Gozag
Kikubaaqudgha
Makhleb
Nemelex Xobeh
Okawaru
Qazlal
Ru
Trog
Uskayaw
Vehumet
Wu Jian
Xom
Zin

Shops:
D:4 *   D:6 ((=[

Annotations:
D:3 1 runed translucent door, croobank's ghost, amateur FoHs


Innate Abilities, Weirdness & Mutations

You have a pair of horns on your head.
You reflexively headbutt those who attack you in melee.


Message History

The two-headed ogre hits you with a +0 dire flail.
Unknown command.
You slash the two-headed ogre!
The two-headed ogre is heavily wounded.
The two-headed ogre hits you with a +0 giant club!
You block the two-headed ogre's attack.
Unknown command.
You barely miss the two-headed ogre.
Your headbutt misses the two-headed ogre.
The two-headed ogre is heavily wounded.
Unknown command.
You slash the two-headed ogre!
Your headbutt misses the two-headed ogre.
The two-headed ogre is severely wounded.
The two-headed ogre hits you with a +0 giant club!!
* * * LOW HITPOINT WARNING * * *
The two-headed ogre hits you with a +0 dire flail!
* * * LOW HITPOINT WARNING * * *
You are too injured to fight recklessly!
Unknown command.
You are too injured to fight recklessly!
Unknown command.
You are too injured to fight recklessly!
Unknown command.
You are too injured to fight recklessly!
Unknown command.
You are too injured to fight recklessly!
Unknown command.
You are too injured to fight recklessly!
Unknown command.
You are too injured to fight recklessly!
Unknown command.
You are too injured to fight recklessly!
You hit the two-headed ogre but do no damage.
The two-headed ogre is severely wounded.
You completely miss the two-headed ogre.
The two-headed ogre is severely wounded.
The two-headed ogre hits you with a +0 giant club!
You die...
Your body crumbles into a pile of gold.

##.#####.##.....##.........#
...............).+.........+
...#####........##.........#
.### #####....###...###..#
.# #.......#...###.)#.# .#
#.###.....###....#.# .#
###.###...###....#.#.. .#
#...#...###....#...#..# .#
#.#...###$@O.#..(#.#.## .#
##....##..##....#...#.# .#
###...###..#.###....#.#.#
.###...###..###.# ###....#
.#...###.#.## #.# ###..#
...###.##.#.# #.$# ####
.###.##.##.## ###:O
....#..#..#.# D#C.
.####.#.##..# } ##


You could see a two-headed ogre.

Vanquished Creatures
  Sigmund (D:3)
  A yak (D:7)
  2 water moccasins
  A black bear (D:6)
  2 ice beasts
  5 ogres
  A centaur (D:6)
  3 phantoms
  5 bullfrogs
  A gnoll sergeant (D:7)
  3 scorpions
  2 howler monkeys
  5 hounds
  2 jellies
  2 gnoll boudas
  3 iguanas
  An orc wizard (D:5)
  4 gnolls
  9 adders
  2 shadow imps
  A white imp (D:6)
  2 ufetubi
  4 worms
  2 dart slugs
  19 orcs
  9 ball pythons
  18 endoplasms
  9 giant cockroaches
  8 goblins
  8 hobgoblins
  2 jackals (D:2)
  13 quokkas
  4 bats
  6 frilled lizards
  7 kobolds
  4 rats
171 creatures vanquished.

Notes
Turn   | Place    | Note
-------+----------+-------------------------------------------
     0 | D:1      | GigaChad the Minotaur Fighter began the quest for the Orb.
     0 | D:1      | Reached XP level 1. HP: 19/19 MP: 0/0
   150 | D:1      | Reached XP level 2. HP: 27/27 MP: 1/1
   771 | D:2      | Reached XP level 3. HP: 33/33 MP: 2/2
   910 | D:2      | Reached skill level 3 in Axes
   930 | D:2      | Reached skill level 1 in Dodging
  1291 | D:3      | Noticed croobank's ghost (amateur FoHs)
  1291 | D:3      | Noticed a phantom
  1291 | D:3      | Found a runed translucent door.
  1384 | D:3      | Reached XP level 4. HP: 40/40 MP: 3/3
  1538 | D:3      | Noticed Sigmund
  1548 | D:3      | Killed Sigmund
  1549 | D:3      | Reached skill level 5 in Axes
  1549 | D:3      | Reached XP level 5. HP: 40/47 MP: 4/4
  1574 | D:3      | Found an ancient bone altar of Kikubaaqudgha.
  1742 | D:3      | Reached XP level 6. HP: 53/53 MP: 5/5
  2010 | D:4      | Found Reoge's Assorted Antiques.
  2146 | D:4      | Found a glowing drain.
  2290 | Sewer    | Entered a sewer
  2497 | Sewer    | Reached skill level 6 in Axes
  2660 | Sewer    | Reached skill level 5 in Armour
  2707 | Sewer    | Reached skill level 5 in Fighting
  2707 | Sewer    | Reached XP level 7. HP: 54/61 MP: 6/6
  2900 | D:4      | Reached skill level 7 in Axes
  2900 | D:4      | Reached skill level 5 in Shields
  3477 | D:5      | Entered Level 5 of the Dungeon
  3613 | D:5      | Reached XP level 8. HP: 69/69 MP: 7/7
  3624 | D:5      | Reached skill level 8 in Axes
  3741 | D:5      | Found a radiant altar of Vehumet.
  3954 | D:5      | Found a shimmering altar of Xom.
  3955 | D:5      | Found a hide-covered altar of Uskayaw.
  4361 | D:6      | Found Soba's Weapon Shop.
  4365 | D:6      | Reached skill level 9 in Axes
  4369 | D:6      | Found Jadoe's Antique Weapon Shop.
  4369 | D:6      | Found Fyagoej's Antique Armour Shop.
  4370 | D:6      | Found Coobuol's Jewellery Shop.
  4411 | D:6      | Identified the +4 ring mail of Coidu {rPois}
  4417 | D:6      | Found a glowing silver altar of Zin.
  4690 | D:6      | Reached skill level 10 in Axes
  4710 | D:6      | Reached XP level 9. HP: 75/75 MP: 8/8
  4816 | D:6      | Found a shadowy altar of Dithmenos.
  4839 | D:6      | Found a staircase to the Ecumenical Temple.
  4858 | Temple   | Entered the Ecumenical Temple
  4863 | Temple   | Became a worshipper of Gozag Ym Sagoz the Greedy
  5229 | D:7      | Found a sparkling altar of Nemelex Xobeh.
  5450 | D:7      | Noticed a skeletal warrior
  5450 | D:7      | Noticed a two-headed ogre
  5451 | D:7      | Noticed a white ugly thing
  5452 | D:7      | Noticed a cyclops
  6023 | D:7      | Reached skill level 11 in Axes
  6260 | D:7      | Slain by a two-headed ogre

Illustrated notes

Levels and vault maps discovered:
D:1:      lightli_arrival_lavapool, layout_rooms, hex_large
D:2:      layout_rooms, minmay_close_crescents
D:3:      layout_basic, mainiacjoe_overflow_concentric_impassable,
          ebering_ghost_inner_flame, minivault_11, uniq_sigmund
D:4:      layout_cave_pods, serial_shops, shop, cheibrodos_sewer_entry_sluice,
          kennysheep_windowed_goal
D:5:      layout_loops_ring, lemuel_crystal_altar,
          mainiacjoe_overflow_divided_tiny, kennysheep_generic_room_2
D:6:      layout_loops_ring, grunt_dithmenos_smoke_and_mirrors,
          lemuel_doored_altar, minmay_temple_entry_tees,
          minmay_shop_grid_forest, hangedman_decor_points
D:7:      minmay_the_grid_triangle_9x9_recursive_2
          [minmay_the_grid_triangle_9x9_prize_center,
          minmay_the_grid_triangle_9x9_skeleton,
          minmay_the_grid_triangle_9x9_negative_grid,
          minmay_the_grid_triangle_9x9_corruption], layout_loops_corners,
          nicolae_overflow_quartered_altars
Temple:   minmay_freezing_vapour_temple

Skill      XL: |  1  2  3  4  5  6  7  8  9 |
---------------+----------------------------+-----
Fighting       | 4 5 6 |  6.9
Shields        | 4 5 6 |  6.3
Armour         | 4 5 6 7 |  7.2
Axes           | 3 5 6 7 10 11 | 11.1
Dodging        | 1 2 3 4 |  4.5

Action                     |  1- 3 |  4- 6 |  7- 9 || total
---------------------------+-------+-------+-------++-------
  Melee: War axe           |    76 |   163 |   205 ||   444
         Headbutt          |    11 |    17 |    30 ||    58
    Use: Scroll            |     2 |     5 |     6 ||    13
 Armour: Scale mail        |    13 |       |       ||    13
         Plate armour      |    27 |    97 |    73 ||   197
  Dodge: Dodged            |    17 |    39 |   111 ||   167
  Block: Buckler           |    12 |    30 |    30 ||    72
